 Dungeon Crawl Stone Soup version 0.30-a0-953-g5f1da4a474 (webtiles) character file.

Game seed: 6367298573970829208

63 mistaj the Trooper (level 4, -1/25 HPs)
             Began as a Vine Stalker Fighter on Mar 28, 2023.
             Succumbed to a goblin's poison
             ... on level 2 of the Dungeon.
             The game lasted 00:01:43 (1059 turns).

mistaj the Trooper (Vine Stalker Fighter)           Turns: 1059, Time: 00:01:44

Health: -1/25      AC: 14    Str: 21    XL:     4   Next: 9%
Magic:  3/5        EV:  5    Int:  8    God:
Gold:   48         SH:  4    Dex: 13    Spells: 3/3 levels left

rFire   . . .      SeeInvis .    a - +0 war axe
rCold   . . .      Faith    .    c - +0 buckler
rNeg    + . .      Spirit   +    g - +0 plate armour
rPois   .          Reflect  .    k - +2 hat
rElec   .          Rampage  .    h - +0 cloak
rCorr   .                        (no gloves)
Will    .....                    (no boots) Stlth
                                 (no amulet)
HPRegen 1.04/turn                b - ring of positive energy
MPRegen 0.09/turn                (no ring)

@: lethally poisoned (-1 -> -5), slowed, very slow
A: fangs 2, regeneration 1, magic shield, antimagic bite, no potion heal 2
a: no special abilities


You were on level 2 of the Dungeon.
You visited 1 branch of the dungeon, and saw 2 of its levels.

You collected 48 gold pieces.

Inventory:

Hand Weapons
 a - a +0 war axe (weapon)
Armour
 c - a +0 buckler (worn)
 g - a +0 plate armour (worn)
 h - a +0 cloak (worn)
 k - a +2 hat (worn)
Jewellery
 b - a ring of positive energy (left hand)
Scrolls
 i - a scroll of amnesia {unknown}
 j - a scroll of magic mapping {unknown}
 l - a scroll of teleportation
Potions
 d - a potion of might
 e - 3 potions of heal wounds {unknown}
 f - a potion of attraction {unknown}
 m - 2 potions of curing {unknown}


   Skills:
 + Level 3.6 Fighting
 + Level 3.0 Axes
 - Level 2.4 Armour
 - Level 2.7 Shields


You had 3 spell levels left.
You didn't know any spells.
Your spell library contained the following spells:

 Spells                   Type           Power      Damage    Failure   Level
 Dazzling Flash           Conj/Hex       0%         N/A       100%        3
 Animate Dead             Necr           0%         N/A       100%        4
 Agony                    Necr           0%         N/A       100%        5
 Borgnjor's Vile Clutch   Necr/Erth      0%         N/A       100%        5
 Silence                  Hex/Air        0%         N/A       100%        5
 Death Channel            Necr           0%         N/A       100%        6
 Malign Gateway           Summ/Tloc      0%         N/A       100%        7
 Summon Horrible Things   Summ           0%         N/A       100%        8


Dungeon Overview and Level Annotations

Branches:
Dungeon (2/15)

Altars:
Kikubaaqudgha


Innate Abilities, Weirdness & Mutations

You have extremely sharp teeth.
Your natural rate of healing is unusually fast.
When hurt, damage is shared between your health and your magic reserves.
Your bite disrupts and absorbs the magic of your enemies.
Potions cannot restore your health.


Message History

You barely miss the ball python. You bite the ball python.
You kill the ball python!
No target in view!
No target in view!
Found an ancient bone altar of Kikubaaqudgha.
A goblin comes into view. It is wielding a +0 dagger of venom.
The goblin shouts!
Jessica the Apprentice Sorceress comes into view.
She is wielding a +0 club and wearing a +2 robe of cold resistance.
The goblin hits you but does no damage.
You are poisoned.
You closely miss the goblin.
You feel very sick. The goblin hits you but does no damage.
You are more poisoned.
Jessica hits you with a +0 club. The goblin barely misses you.
You slash Jessica! You bite Jessica, but do no damage.
Jessica is almost dead.
You closely miss the goblin.
You feel very sick. The goblin hits you but does no damage.
You are more poisoned.
Jessica says, "Why did you come here?" Jessica casts a spell at you.
You feel yourself slow down.
You are too injured to fight recklessly!
You are too injured to fight recklessly!
You hit Jessica.
You kill Jessica!
You hit the goblin.
* * * LOW HITPOINT WARNING * * *
You feel extremely sick. The goblin hits you but does no damage.
The goblin barely misses you. You block the goblin's attack.
Your Axes skill increases to level 3!
You have reached level 4!
You feel stronger.
You begin to heal more quickly.
You hit the goblin.
You kill the goblin!
You die...

###### ......
......# .......
...^..)########
......)@......####
##.._..######....###
#..... ####...#####
#..... ######..[..#
####...##
#...######.. ###..#
#...####.... #.#
#...#....#.# #.#
#..<..####.# #.#
#..>#####..#


There were no monsters in sight!

Vanquished Creatures
  Jessica (D:2)
  An ufetubus (D:2)
  A dart slug (D:2)
  4 bats
  3 endoplasms
  2 goblins (D:2)
  3 hobgoblins
  3 kobolds (D:1)
  A quokka (D:1)
  7 ball pythons
  3 frilled lizards
  5 rats
34 creatures vanquished.

Notes
Turn   | Place    | Note
-------+----------+-------------------------------------------
     0 | D:1      | mistaj the Vine Stalker Fighter began the quest for the
                  | Orb.
     0 | D:1      | Reached XP level 1. HP: 11/11 MP: 2/2
   118 | D:1      | Found a faded altar of an unknown god.
   186 | D:1      | Reached XP level 2. HP: 13/16 MP: 3/3
   754 | D:2      | Reached XP level 3. HP: 17/20 MP: 1/4
  1051 | D:2      | Found an ancient bone altar of Kikubaaqudgha.
  1053 | D:2      | Noticed Jessica
  1058 | D:2      | Killed Jessica
  1059 | D:2      | Gained mutation: Your natural rate of healing is unusually
                  | fast. [Vine Stalker growth]
  1059 | D:2      | Reached XP level 4. HP: 2/25 MP: 3/5
  1059 | D:2      | Succumbed to a goblin's poison

Illustrated notes

Levels and vault maps discovered:
D:1:      mainiacjoe_arrival_reflecting_pool, layout_loops_cross,
          basic_ecumenical_altar
D:2:      layout_rooms, basic_altar, uniq_jessica

Skill      XL: |  1  2  3 |
---------------+----------+-----
Axes           | 2 3 |  3.0
Fighting       | 3 |  3.6
Armour         | |  2.4
Shields        | |  2.7

Action                     |  1- 3 |  4- 6 || total
---------------------------+-------+-------++-------
  Melee: War axe           |    73 |     1 ||    74
         Bite              |     9 |       ||     9
    Use: Scroll            |     2 |       ||     2
 Armour: Scale mail        |     6 |       ||     6
         Plate armour      |    42 |       ||    42
  Dodge: Dodged            |    26 |       ||    26
  Block: Buckler           |    21 |       ||    21

Table legend: (Time is in decaauts)
 A = Elapsed time spent in this place.
 B = Non-inter-level travel time spent in this place.
 C = Inter-level travel time spent in this place.
 D = Time resting spent in this place.
 E = Time spent auto-exploring this place.
 F = Levels seen in this place.
 G = Mean time per level.
                   A        B        C        D        E       F      G
               +--------+--------+--------+--------+--------+-----+--------+
         Total |   1091 |   1054 |     37 |     52 |    710 |   2 |  545.5 |
       Dungeon |   1091 |   1054 |     37 |     52 |    710 |   2 |  545.5 |
               +--------+--------+--------+--------+--------+-----+--------+

Top non-repeatable levels by time:
     D:1: 743 daAuts
     D:2: 347 daAuts
